 Dungeon Sprint DCSS version 0.29-a0-284-gf9362112df (webtiles) character file.

Game seed: 4043831223174031100

130 mhtbhm the Cleaver (level 4, -10/48 HPs)
             Began as a Minotaur Berserker on Mar 19, 2022.
             Was a Believer of Trog.
             Mangled by a fire elemental (12 damage)
             ... summoned by a deep elf pyromancer
             ... in the Dungeon (Sprint III: "The Ten Rune Challenge").
             The game lasted 00:01:06 (752 turns).

mhtbhm the Cleaver (Minotaur Berserker)              Turns: 752, Time: 00:01:07

Health: -10/48     AC:  9    Str: 26    XL:     4   Next: 90%
Magic:  3/3        EV: 12    Int:  4    God:    Trog [**....]
Gold:   26         SH:  0    Dex:  9    Spells: 3/3 levels left

rFire   . . .      SeeInvis .   a - +0 hand axe
rCold   + . .      Faith    .   (no shield)
rNeg    . . .      Spirit   .   b - +2 leather armour {rC+}
rPois   +          Reflect  .   (helmet restricted)
rElec   .          Harm     .   i - +1 cloak
rCorr   .          Rampage  .   (no gloves)
Will    ++...      NoTele   +   (no boots)
Stlth   +.........              (no amulet)
HPRegen 1.16/turn               (no ring)
MPRegen 0.08/turn               (no ring)

@: strong-willed, on berserk cooldown, regenerating, slowed, very slow
A: horns 2, retaliatory headbutt, iridescent scales 1, poison resistance, strong
1
a: Renounce Religion, Berserk, Trog's Hand


You were in the Dungeon.
You worshipped Trog.
Trog was pleased with you.
You visited 1 branch You collected 26 gold pieces.

Inventory:

Hand Weapons
 a - a +0 hand axe (weapon)
Missiles
 j - 5 poisoned darts (quivered)
Armour
 b - a +2 leather armour of cold resistance (worn)
 i - a +1 cloak (worn)
Scrolls
 l - a scroll of holy word {unknown}
 m - a scroll of vulnerability {unknown}
 p - a scroll of torment {unknown}
 q - 2 scrolls of identify
Potions
 c - a potion of curing
 e - a potion of haste
 f - 2 potions of magic
 g - 2 potions of berserk rage
 k - 2 potions of mutation
 n - a potion of degeneration {unknown}
 o - 3 potions of flight


   Skills:
 + Level 7.9 Fighting
 + Level 8.3 Axes
 + Level 1.3 Throwing
 + Level 4.2 Armour
 + Level 4.0 Dodging


You had 3 spell levels left.
You didn't know any spells.
Your spell library was empty.

Dungeon Overview and Level Annotations

Branches:
Dungeon (1/1)

Altars:
Elyvilon
Okawaru
Uskayaw
Zin
The Shining One


Innate Abilities, Weirdness & Mutations

You have a pair of horns on your head.
You reflexively headbutt those who attack you in melee.
You are partially covered in iridescent scales. (AC +2)
Your system is resistant to poisons. (rPois)
Your muscles are strong. (Str +2)


Message History

You feel a strong urge to attack something.
The deep elf pyromancer casts a spell.
The deep elf pyromancer blinks!
You are no longer berserk.
You are exhausted.
You feel yourself slow down.
The deep elf pyromancer hits you but does no damage.
You hit the deep elf pyromancer. You headbutt the deep elf pyromancer!
The deep elf pyromancer is heavily wounded.
The deep elf pyromancer mumbles some strange words.
You hit the deep elf pyromancer. You headbutt the deep elf pyromancer!
The deep elf pyromancer is almost dead.
The deep elf pyromancer casts a spell.
The deep elf pyromancer points at you and mumbles some strange words.
The bolt of fire hits you!!!
Ouch! That really hurt!
* * * LOW HITPOINT WARNING * * *
Blink to where?
Press: ? - help, Dir - move target
As you read the scroll of blinking, it crumbles to dust.
Okay, then.
Unknown command.
Your skin crawls.
You feel strong-willed.
You aren't carrying any items that you can evoke.
Unknown command.
You feel much better. The fire elemental closely misses you.
A deep elf pyromancer breaks down the door.
Unknown command.
Found a hide-covered altar of Uskayaw.
The fire elemental closely misses you. The fire elemental barely misses you.
You furiously retaliate!
You headbutt the fire elemental, but do no damage.
The fire elemental hits you. The fire elemental burns you!
Found an iron altar of Okawaru.
The fire elemental hits you. The fire elemental burns you!
* * * LOW HITPOINT WARNING * * *
The fire elemental hits you. The fire elemental burns you!
* * * LOW HITPOINT WARNING * * *
The fire elemental hits you. The fire elemental burns you!
You die...

▓▓▓▓▓ ▓▓▓ ....♣♣
♣.###### ...♣.♣
♣♣.#___#_ ....♣♣
..#!..#_
...≈.♣♣♣♣.###'#'###+##
..≈≈....♣.#....°@E...#
.≈≈≈≈♣.♣..'.⌠.e°E....#
.≈≈≈≈≈≈♣♣.#...######+#
≈≈≈≈≈≈....#.⌠○#
≈≈≈≈≈.....#...#
≈≈≈.......#+###
..........#
..........#
▓▓▓▓▓▓▓▓▓▓▓


You could see a deep elf pyromancer and 2 fire elementals.

Vanquished Creatures
  A water elemental (D)
  Crazy Yiuf (D)
  Jessica (D)
  A human (D)
  An endoplasm (D)
  2 rats (D)
7 creatures vanquished.

Notes
Turn   | Place    | Note
-------+----------+-------------------------------------------
     0 | D        | mhtbhm the Minotaur Berserker began the quest for the Orb.
     0 | D        | Reached XP level 1. HP: 19/19 MP: 0/0
     6 | D        | Reached skill level 4 in Axes
   188 | D        | Noticed Jessica
   190 | D        | Reached ** piety under Trog
   194 | D        | Killed Jessica
   195 | D        | Reached skill level 5 in Fighting
   195 | D        | Reached skill level 5 in Axes
   195 | D        | Reached XP level 2. HP: 30/30 MP: 1/1
   195 | D        | Reached XP level 3. HP: 37/37 MP: 2/2
   290 | D        | Reached skill level 6 in Axes
   484 | D        | Noticed Crazy Yiuf
   492 | D        | Killed Crazy Yiuf
   493 | D        | Reached skill level 7 in Axes
   493 | D        | Reached XP level 4. HP: 45/45 MP: 3/3
   529 | D        | Noticed a water elemental
   537 | D        | Killed a water elemental
   537 | D        | Reached *** piety under Trog
   538 | D        | Reached skill level 8 in Axes
   538 | D        | Reached skill level 1 in Throwing
   717 | D        | Gained mutation: Your system is resistant to poisons.
                  | (rPois) [potion of mutation]
   717 | D        | Gained mutation: Your muscles are strong. (Str +2) [potion
                  | of mutation]
   717 | D        | Gained mutation: You are partially covered in iridescent
                  | scales. (AC +2) [potion of mutation]
   734 | D        | Found a glowing silver altar of Zin.
   734 | D        | Found a glowing golden altar of the Shining One.
   734 | D        | Found a white marble altar of Elyvilon.
   735 | D        | Noticed a deep elf pyromancer
   747 | D        | Noticed a fire elemental
   748 | D        | Noticed a fire elemental
   751 | D        | Found a hide-covered altar of Uskayaw.
   752 | D        | Found an iron altar of Okawaru.
   752 | D        | HP: 2/48 [fire elemental[a deep elf pyromancer] (9)]
   752 | D        | Mangled by a fire elemental

Illustrated notes

Levels and vault maps discovered:
D:        dungeon_sprint_mu [sprint_mu_entry_forest, sprint_mu_temple_rooms,
          sprint_mu_d1_horrors, sprint_mu_d2_genie, sprint_mu_d3_branching,
          sprint_mu_orc_legion, sprint_mu_elf_gauntlet, sprint_mu_hive_nellie,
          sprint_mu_lair_fedhas, sprint_mu_vaults_butterflies,
          sprint_mu_slime_circle, sprint_mu_swamp_cave, sprint_mu_snake_twists,
          sprint_mu_blade_basic, sprint_mu_crypt_fortress,
          sprint_mu_tomb_spiral, sprint_mu_vestibule_basic,
          sprint_mu_gehenna_hellfire, sprint_mu_dis_giant,
          sprint_mu_tartarus_statrot, sprint_mu_cocytus_islands, sprint_mu_zot1]

Skill      XL: |  1  2  3  4 |
---------------+-------------+-----
Fighting       | 5 6 7 |  7.9
Axes           | 5 7 8 |  8.3
Armour         | 3 4 |  4.2
Dodging        | 3 4 |  4.0
Throwing       | 1 |  1.3

Action                   |  1- 3 |  4- 6 || total
-------------------------+-------+-------++-------
Melee: Hand axe          |    25 |    11 ||    36
       Headbutt          |     3 |     5 ||     8
Throw: Dart              |     7 |       ||     7
Invok: Berserk           |     2 |     1 ||     3
       Trog's Hand       |       |     1 ||     1
  Use: Potion            |       |     2 ||     2
       Scroll            |       |     1 ||     1
Armor: Leather armour    |     1 |     7 ||     8
Dodge: Dodged            |    11 |     7 ||    18

Table legend: (Time is in decaauts)
 A = Elapsed time spent in this place.
 B = Non-inter-level travel time spent in this place.
 C = Inter-level travel time spent in this place.
 D = Time resting spent in this place.
 E = Time spent auto-exploring this place.
 F = Levels seen in this place.
 G = Mean time per level.
                   A        B        C        D        E       F      G
               +--------+--------+--------+--------+--------+-----+--------+
         Total |    779 |    779 |      0 |    582 |     54 |   1 |  779.0 |
       Dungeon |    779 |    779 |      0 |    582 |     54 |   1 |  779.0 |
               +--------+--------+--------+--------+--------+-----+--------+

Top non-repeatable levels by time:
       D: 779 daAuts
